 Dungeon Crawl Stone Soup version 0.28-a0-622-gbaef9634d7 (webtiles) character file.

Game seed: 14235853981023832621

385 willcat the Sneak (level 7, -4/78 HPs)
             Began as a Human Delver on Oct 7, 2021.
             Was an Initiate of the Shining One.
             Slain by a wyvern zombie (6 damage)
             ... on level 7 of the Dungeon.
             The game lasted 00:02:57 (1895 turns).

willcat the Sneak (Human Delver)                    Turns: 1895, Time: 00:02:58

Health: -4/78      AC: 23    Str: 10 (13) XL:     7   Next: 6%
Magic:  7/7        EV:  2    Int: 11 (12) God:    the Shining One [......]
Gold:   131        SH:  0    Dex: 13 (14) Spells: 6/6 levels left

rFire   . . .      SeeInvis .   a - +0 short sword
rCold   . . .      Faith    .   (no shield)
rNeg    . . .      Spirit   .   (armour currently unavailable)
rPois   +          Reflect  .   (helmet currently unavailable)
rElec   .          Harm     .   (cloak currently unavailable)
rCorr   +          Rampage  .   (gloves currently unavailable)
Will    .....      NoTele   +   (boots currently unavailable)
Stlth   +++.......              (no amulet)
HPRegen 0.23/turn               m - +4 ring of evasion
MPRegen 0.10/turn               o - ring of resist corrosion

@: tree-form
A: stationary, stasis, torment immunity, boosted hp
a: Renounce Religion


You were on level 7 of the Dungeon.
You worshipped the Shining One.
The Shining One was noncommittal.
You were a tree.
You visited 1 branch of the dungeon, and saw 3 of its levels.

You collected 131 gold pieces.

Inventory:

Hand Weapons
 a - a +0 short sword (weapon)
Armour
 b - a +0 leather armour (melded)
Jewellery
 m - a +4 ring of evasion (left branch)
 o - a ring of resist corrosion (right branch)
Wands
 g - a wand of digging (3)
Scrolls
 c - a scroll of fog
 d - a scroll of magic mapping
 e - a scroll of fear
 i - 2 scrolls of blinking
 k - a scroll of identify
 q - a scroll of enchant armour
 s - a scroll of silence
Potions
 f - 2 potions of haste
 j - a potion of curing


   Skills:
 - Level 3.0 Fighting
 + Level 3.9 Short Blades
 + Level 3.9 Dodging
 + Level 6.3 Stealth
 - Level 2.5 Evocations


You had 6 spell levels left.
You didn't know any spells.
Your spell library was empty.

Dungeon Overview and Level Annotations

Branches:
Dungeon (7/15)
 Temple: D:4-7

Altars:
The Shining One

Annotations:
D:6 Prince Ribbit


Message History

The wyvern zombie is lightly damaged.
The wyvern zombie bites you but does no damage.
You hit the wyvern zombie but do no damage.
The wyvern zombie is lightly damaged.
The wyvern zombie bites you.
You hit the wyvern zombie but do no damage.
The wyvern zombie is lightly damaged.
The wyvern zombie bites you.
You barely miss the wyvern zombie.
The wyvern zombie is lightly damaged.
The wyvern zombie barely misses you.
The wyvern zombie completely misses you.
You hit the wyvern zombie.
The wyvern zombie is moderately damaged.
The wyvern zombie bites you!
* * * LOW HITPOINT WARNING * * *
You barely miss the wyvern zombie.
The wyvern zombie is moderately damaged.
The wyvern zombie bites you.
* * * LOW HITPOINT WARNING * * *
You hit the wyvern zombie.
The wyvern zombie is moderately damaged.
The wyvern zombie bites you but does no damage.
You hit the wyvern zombie but do no damage.
The wyvern zombie is moderately damaged.
The wyvern zombie bites you.
* * * LOW HITPOINT WARNING * * *
You barely miss the wyvern zombie.
The wyvern zombie is moderately damaged.
The wyvern zombie bites you!
* * * LOW HITPOINT WARNING * * *
The wyvern zombie bites you!
* * * LOW HITPOINT WARNING * * *
You hit the wyvern zombie but do no damage.
The wyvern zombie is moderately damaged.
The wyvern zombie bites you but does no damage.
You hit the wyvern zombie but do no damage.
The wyvern zombie is moderately damaged.
The wyvern zombie bites you.
You die...

### #.. #.. # #..#+# .#
#..+♣+..# ###..#Z#..#
#..?.....# #.#......#
...#...###########
...........##.....# ####
....#......##.....# #...
...........##.....####...
...##..#.................


You could see a wyvern zombie.

Vanquished Creatures
  A water moccasin (D:5)
  An ice beast (D:5)
  A centaur zombie (D:5)
  A bullfrog zombie (D:5)
  A bullfrog skeleton (D:5)
  A hound (D:7)
  An orc wizard (D:5)
  A killer bee zombie (D:7)
  An adder (D:5)
  A white imp (D:5)
  4 orcs (D:5)
  A quokka (D:5)
15 creatures vanquished.

Notes
Turn   | Place    | Note
-------+----------+-------------------------------------------
     0 | D:5      | willcat the Human Delver began the quest for the Orb.
     0 | D:5      | Reached XP level 1. HP: 18/18 MP: 1/1
    33 | D:5      | Reached XP level 2. HP: 9/24 MP: 2/2
    33 | D:5      | Reached XP level 3. HP: 11/29 MP: 3/3
   246 | D:5      | Reached XP level 4. HP: 23/35 MP: 4/4
   730 | D:5      | Noticed a water moccasin
   747 | D:5      | Killed a water moccasin
   748 | D:5      | Reached skill level 1 in Evocations
   748 | D:5      | Reached XP level 5. HP: 34/41 MP: 5/5
   903 | D:5      | Reached XP level 6. HP: 33/47 MP: 6/6
   907 | D:5      | Reached skill level 6 in Stealth
  1249 | D:5      | Noticed an ice beast
  1258 | D:5      | Killed an ice beast
  1532 | D:6      | Noticed an ogre
  1565 | D:6      | Noticed Prince Ribbit
  1833 | D:7      | Reached XP level 7. HP: 52/52 MP: 7/7
  1874 | D:7      | Found a glowing golden altar of the Shining One.
  1877 | D:7      | Became a worshipper of the Shining One
  1893 | D:7      | HP: 1/78 [wyvern zombie (8)]
  1895 | D:7      | Slain by a wyvern zombie

Illustrated notes

Levels and vault maps discovered:
D:5:      layout_rooms, minmay_misc_feat_diagonals
D:6:      layout_rooms, minmay_temple_entry_mist, portal_sewer_entry_e,
          uniq_prince_ribbit1
D:7:      layout_basic, palyth_temple_overflow_mages, kennysheep_mini_moat

Skill      XL: |  1  2  3  4  5  6 |
---------------+-------------------+-----
Short Blades   | 3 |  3.9
Dodging        | 3 |  3.9
Evocations     | 1 2 |  2.5
Stealth        | 6 |  6.3
Fighting       | |  3.0

Action                   |  1- 3 |  4- 6 |  7- 9 || total
-------------------------+-------+-------+-------++-------
Melee: Short sword       |    20 |    74 |    16 ||   110
Evoke: Wand              |     1 |     3 |       ||     4
  Use: Scroll            |       |     2 |     3 ||     5
       Potion            |       |     1 |     3 ||     4
 Stab: Sleeping          |       |     2 |     1 ||     3
Armor: Leather armour    |     6 |     6 |       ||    12
       Skin              |       |       |     7 ||     7
Dodge: Dodged            |    20 |    55 |    15 ||    90

Table legend: (Time is in decaauts)
 A = Elapsed time spent in this place.
 B = Non-inter-level travel time spent in this place.
 C = Inter-level travel time spent in this place.
 D = Time resting spent in this place.
 E = Time spent auto-exploring this place.
 F = Levels seen in this place.
 G = Mean time per level.
                   A        B        C        D        E       F      G
               +--------+--------+--------+--------+--------+-----+--------+
         Total |   1889 |   1836 |     53 |    795 |    689 |   3 |  629.7 |
       Dungeon |   1889 |   1836 |     53 |    795 |    689 |   3 |  629.7 |
               +--------+--------+--------+--------+--------+-----+--------+

Top non-repeatable levels by time:
     D:5: 1571 daAuts
     D:7: 193 daAuts
     D:6: 124 daAuts
